 Dungeon Crawl Stone Soup version 0.30-b1-2-g02819fbbbe (webtiles) character file.

Game seed: 9958016924947191741

9013 oinkeboink the Cleaver (level 11, 0/99 HPs)
             Began as a Minotaur Berserker on Aug 28, 2023.
             Was the Champion of Trog.
             Slain by an unseen horror simulacrum (1 damage)
             ... on level 9 of the Dungeon.
             The game lasted 01:06:52 (8275 turns).

oinkeboink the Cleaver (Minotaur Berserker)         Turns: 8275, Time: 01:06:57

Health: 0/99       AC: 24    Str: 26    XL:     11   Next: 17%
Magic:  10/10      EV: 10    Int:  4    God:    Trog [******]
Gold:   735        SH:  5    Dex: 10    Spells: 10/10 levels left

rFire   . . .        o - +5 woodcutter's axe
rCold   . . .        (shield currently unavailable)
rNeg    . . .        s - +0 chain mail
rPois   .            (helmet restricted)
rElec   .            v - +2 cloak
rCorr   .            (no gloves)
SInv    .            t - +0 pair of boots
Will    .....        B - amulet of reflection Stlth
                     c - +4 ring of protection
HPRegen 0.36/turn    Q - +4 ring of protection
MPRegen 0.12/turn

%: reflection
@: on berserk cooldown, slowed, very slow
A: horns 2, retaliatory headbutt
a: Renounce Religion, Berserk, Trog's Hand, Brothers in Arms


You were on level 9 of the Dungeon.
You worshipped Trog.
Trog was exalted by your worship.
You visited 2 branches of the dungeon, and saw 10 of its levels.

You collected 735 gold pieces.

Inventory:

Hand Weapons
 o - the +5 woodcutter's axe (weapon)
   (You found it on level 6 of the Dungeon)
 x - a +2 whip of venom
 L - a +1 executioner's axe
 O - the +10 hand axe "Lenuinipodo" {elec, rF+ rC- Str+3 Stlth+}
   (You found it on level 5 of the Dungeon)

   Str:       It affects your strength (+3).
   rF:        It protects you from fire.
   rC:        It makes you vulnerable to cold.
   Stlth:     It makes you more stealthy.
 P - a +3 battleaxe of freezing
 W - the +5 trident of Wu Jian's Respect {flame, rElec rCorr Str-2}
   (You found it on level 8 of the Dungeon)

   Str:       It affects your strength (-2).
   rElec:     It insulates you from electricity.
   rCorr:     It protects you from acid and corrosion.
 X - a +1 dagger of freezing
 Y - a +2 heavy quarterstaff
Missiles
 i - 17 poisoned darts (quivered)
 j - 96 stones
 G - 4 javelins
Armour
 s - a +0 chain mail (worn)
 t - a +0 pair of boots (worn)
 v - a +2 cloak (worn)
 F - a +0 leather armour
 T - the +7 scale mail of Pleasant Breezes {Will+ Slay+2 SInv}
   (You found it on level 9 of the Dungeon)

   Slay:      It affects your accuracy & damage with ranged weapons and melee
   (+2).
   SInv:      It lets you see invisible.
   Will:      It increases your willpower.
 U - +0 acid dragon scales
Jewellery
 c - a +4 ring of protection (left hand)
 g - an amulet of reflection
 p - a ring of positive energy
 w - a ring of ice
 B - an amulet of reflection (around neck)
 E - a ring of resist corrosion
 Q - a +4 ring of protection (right hand)
 S - a ring of flight
 Z - a ring of willpower
Wands
 y - a wand of charming (21)
Scrolls
 a - 3 scrolls of acquirement {unknown}
 b - 2 scrolls of blinking {unknown}
 e - 4 scrolls of immolation {unknown}
 h - 3 scrolls of enchant weapon {unknown}
 k - a scroll of amnesia {unknown}
 l - a scroll of poison {unknown}
 u - 2 scrolls of fog {unknown}
 C - a scroll of enchant armour {unknown}
 D - a scroll of teleportation {unknown}
 J - a scroll of silence {unknown}
 K - 9 scrolls of identify {unknown}
 V - a scroll of butterflies {unknown}
Potions
 d - 2 potions of might {unknown}
 f - a potion of ambrosia {unknown}
 m - a potion of invisibility {unknown}
 n - a potion of resistance
 q - a potion of brilliance {unknown}
 r - a potion of degeneration {unknown}
 z - 8 potions of curing {unknown}
 A - 8 potions of haste
 H - a potion of attraction {unknown}
 I - 2 potions of magic {unknown}
 M - 2 potions of cancellation {unknown}
 N - 4 potions of heal wounds {unknown}
 R - 2 potions of flight {unknown}


   Skills:
 + Level 9.8 Fighting
 + Level 14.1 Axes
 + Level 3.3 Throwing
 + Level 8.9 Armour
 + Level 5.5 Dodging
 + Level 2.0 Stealth
 + Level 5.4 Shields


You had 10 spell levels left.
You didn't know any spells.
Your spell library contained the following spells:

 Spells                   Type           Power      Damage    Failure   Level
 Apportation              Tloc           0%         N/A       93%         1
 Beastly Appendage        Tmut           0%         N/A       93%         1
 Necrotise                Necr           0%         1d4       93%         1
 Summon Small Mammal      Summ           0%         N/A       93%         1
 Blink                    Tloc           0%         N/A       98%         2
 Wereblood                Tmut           0%         N/A       98%         2
 Spider Form              Tmut/Pois      0%         N/A       100%        3
 Manifold Assault         Tloc           0%         N/A       100%        4
 Summon Ice Beast         Ice/Summ       0%         N/A       100%        4
 Summon Lightning Spire   Summ/Air       0%         N/A       100%        4
 Spellforged Servitor     Conj/Summ      0%         N/A       100%        7
 Storm Form               Tmut/Air       0%         N/A       100%        7
 Maxwell's Capacitive Co  Air            0%         ∞         100%        8
 Dragon's Call            Summ           0%         N/A       100%        9


Dungeon Overview and Level Annotations

Branches:
Dungeon (9/15)             Temple (1/1) D:4            Lair (0/5) D:8
    Orc: D:9-12

Altars:
Ashenzari
Cheibriados
Dithmenos
Fedhas
Gozag
Hepliaklqana
Makhleb
Nemelex Xobeh
Okawaru
Qazlal
Ru
Sif Muna
Trog
Uskayaw
Vehumet
Wu Jian
Xom
Yredelemnul
Zin
The Shining One


Innate Abilities, Weirdness & Mutations

You have a pair of horns on your head.
You reflexively headbutt those who attack you in melee.


Message History

Things that are here:
a +0 troll leather armour; a troll corpse You closely miss the howler monkey.
You headbutt the howler monkey!
The howler monkey is severely wounded.
A kobold brigand comes into view.
It is wielding a +0 dagger and quivering curare-tipped darts.
The howler monkey hits you.
* * * LOW HITPOINT WARNING * * *
You slash the howler monkey!
You kill the howler monkey!
Trog accepts your kill.
You feel a strong urge to attack something.
You start resting.
You are no longer berserk.
You are exhausted.
You feel yourself slow down.
You start resting.
A kobold brigand is nearby!
You slice the kobold brigand!!
The kobold brigand is almost dead.
The kobold brigand completely misses you.
You slice the kobold brigand!!
You kill the kobold brigand!
Trog accepts your kill.
A howler monkey comes into view.
The howler monkey howls!
An unseen horror simulacrum comes into view.
Things that are here:
a +0 dagger; a curare-tipped dart The unseen horror simulacrum barely misses you.
The howler monkey hoots and howls with incredible vigour!
You block the unseen horror simulacrum's attack.
You hear an angry hiss.
You hear a shout! x3; You hear an angry buzzing noise.
You hear a shout!
The unseen horror simulacrum hits you.
* * * LOW HITPOINT WARNING * * *
The unseen horror simulacrum freezes you!
* * * LOW HITPOINT WARNING * * *
The unseen horror simulacrum hits you but does no damage.
The unseen horror simulacrum hits you.
You die...

..........)))..##
#. .........#.†...#
#.
##......<.....).#
#.
........#.##....#
##
##.....##.##.#..#
#.
#...>..##.##.##.##
#<.
#...#.....##.##..#
#.#
..............#...
#..
.......@...........
..
##......Z.......#..
#######........#
#.......)###.... ##
#..#####.#h.##.#.
..#. ###...##..
..... ##.).### ....
##..... #...
#......##..


You could see a howler monkey (catching breath) and an unseen horror simulacrum.

Vanquished Creatures
  A two-headed ogre (D:8)
  2 centaur warriors (D:8)
  Pikel (D:5)
  A kobold demonologist (D:9)
  2 trolls (D:9)
  2 hornets
  A slime creature (D:9)
  4 yaks (D:9)
  2 steam dragons
  A vampire mosquito (D:8)
  An acid dragon (D:9)
  3 water moccasins (D:8)
  4 orc warriors
  An ice beast (D:6)
  2 sky beasts (D:8)
  3 black bears
  An ogre (D:5)
  3 centaurs
  4 lemures (D:5)
  3 kobold brigands
  2 gnoll sergeants
  2 bullfrogs
  A necrophage (D:7)
  Blork the orc (D:4)
  3 scorpions
  7 wights
  4 killer bees (D:8)
  A crimson imp (D:8)
  2 hounds
  3 howler monkeys
  5 centaur zombies (D:7)
  A human zombie (D:7)
  5 jellies
  9 orc priests
  A gnoll bouda (D:7)
  3 iguanas
  A sleepcap (D:6)
  8 orc wizards
  A killer bee zombie (D:7)
  A mummy (D:7)
  A howler monkey zombie (D:7)
  14 adders
  21 gnolls
  A shadow imp (D:7)
  A white imp (D:6)
  An ufetubus (D:7)
  2 worms
  2 dart slugs (D:3)
  35 orcs
  4 endoplasms
  A giant cockroach (D:4)
  39 goblins
  28 hobgoblins
  3 jackals (D:1)
  10 kobolds
  3 quokkas
  18 ball pythons
  4 bats
  9 rats
300 creatures vanquished.

Vanquished Creatures (others)
  3 fungi (D:3)
  3 plants (D:3)
6 creatures vanquished.

Grand Total: 306 creatures vanquished

Notes
Turn   | Place    | Note
-------+----------+-------------------------------------------
     0 | D:1      | oinkeboink the Minotaur Berserker began the quest for the
                  | Orb.
     0 | D:1      | Reached XP level 1. HP: 19/19 MP: 0/0
   272 | D:1      | Reached XP level 2. HP: 25/27 MP: 1/1
   276 | D:1      | Reached skill level 4 in Axes
  1179 | D:1      | Reached ** piety under Trog
  1199 | D:1      | Reached XP level 3. HP: 33/33 MP: 2/2
  1464 | D:2      | Reached skill level 5 in Axes
  1464 | D:2      | Reached XP level 4. HP: 38/41 MP: 3/3
  2035 | D:3      | You fall into a shaft and drop 1 floor!
  2070 | D:4      | Reached XP level 5. HP: 43/47 MP: 4/4
  2100 | D:4      | Reached skill level 6 in Axes
  2153 | D:4      | Reached skill level 5 in Fighting
  2153 | D:4      | Found a staircase to the Ecumenical Temple.
  2157 | D:4      | Reached *** piety under Trog
  2423 | D:4      | Reached XP level 6. HP: 37/56 MP: 5/5
  2574 | D:4      | Noticed Blork the orc
  2585 | D:4      | Killed Blork the orc
  2586 | D:4      | Reached skill level 7 in Axes
  2905 | D:3      | Found a faded altar of an unknown god.
  2967 | D:3      | Reached **** piety under Trog
  3322 | D:3      | Found a glowing golden altar of the Shining One.
  3877 | Temple   | Entered the Ecumenical Temple
  4132 | D:5      | Entered Level 5 of the Dungeon
  4147 | D:5      | Reached XP level 7. HP: 59/61 MP: 6/6
  4152 | D:5      | Reached skill level 8 in Axes
  4224 | D:5      | Identified the +10 hand axe "Lenuinipodo" {elec, rF+ rC-
                  | Str+3 Stlth+}
  4810 | D:5      | Reached skill level 9 in Axes
  4823 | D:5      | Reached ***** piety under Trog
  4824 | D:5      | Reached XP level 8. HP: 67/70 MP: 7/7
  4861 | D:5      | Noticed Pikel
  4870 | D:5      | Killed Pikel
  4871 | D:5      | Reached skill level 10 in Axes
  4871 | D:5      | Reached skill level 5 in Armour
  4871 | D:5      | Reached skill level 1 in Stealth
  5463 | D:6      | Found a hide-covered altar of Uskayaw.
  5552 | D:6      | Reached skill level 1 in Shields
  5560 | D:6      | Reached skill level 11 in Axes
  5792 | D:6      | Reached XP level 9. HP: 70/79 MP: 8/8
  6118 | D:6      | Found the +5 woodcutter's axe
  6396 | D:7      | Found an iron altar of Okawaru.
  6666 | D:7      | Found a stormy altar of Qazlal.
  6743 | D:7      | Reached skill level 1 in Throwing
  6807 | D:7      | Found a basalt altar of Yredelemnul.
  7041 | D:8      | Identified the +5 trident of Wu Jian's Respect {flame,
                  | rElec rCorr Str-2}
  7048 | D:8      | Reached skill level 12 in Axes
  7080 | D:8      | Found a staircase to the Lair.
  7100 | D:8      | Got the Thoughts on Sidekicks
  7110 | D:8      | Found a shadowy altar of Dithmenos.
  7165 | D:8      | Noticed a centaur warrior
  7168 | D:8      | Killed a centaur warrior
  7172 | D:8      | Reached XP level 10. HP: 88/88 MP: 9/9
  7221 | D:8      | Reached skill level 13 in Axes
  7221 | D:8      | Noticed a centaur warrior
  7226 | D:8      | Killed a centaur warrior
  7268 | D:8      | Reached ****** piety under Trog
  7331 | D:8      | Received a gift from Trog
  7335 | D:8      | Reached skill level 5 in Dodging
  7674 | D:8      | Noticed a two-headed ogre
  7681 | D:8      | Killed a two-headed ogre
  7749 | D:8      | Found a burning altar of Makhleb.
  8172 | D:9      | Reached skill level 14 in Axes
  8186 | D:9      | Identified the +7 scale mail of Pleasant Breezes {Will+
                  | Slay+2 SInv}
  8199 | D:9      | Reached XP level 11. HP: 85/97 MP: 10/10
  8204 | D:9      | Reached skill level 5 in Shields
  8234 | D:9      | Found a runed translucent door.
  8275 | D:9      | HP: 1/99 [unseen horror simulacrum (14)]
  8275 | D:9      | Slain by an unseen horror simulacrum

Illustrated notes

Levels and vault maps discovered:
D:1:      dpeg_arrival_refuge, layout_basic
D:2:      layout_loops_ring
D:3:      layout_loops_ring, tso_oasis_becter,
          shapermc_ecumenical_altar_mp_ritualfount, minmay_snake_closets
D:4:      layout_cave_pods, minmay_temple_entry_ruins, uniq_blork_the_orc
D:5:      minmay_goblin_kobold_castle, layout_loops_cross, minmay_crossroads,
          uniq_pikel
D:6:      layout_loops_corners, eat_drink_and_be_merry_uskayaw
D:7:      layout_rooms, mainiacjoe_overflow_surrounded_room,
          lemuel_mausoleum_altar_yredelemnul, kennysheep_okawaru_gauntlet,
          kennysheep_flooded_box
D:8:      minmay_imperfect_grid, layout_basic, makhleb_grotto_becter,
          mainiacjoe_overflow_small_starburst, hangedman_decor_lopped
D:9:      cheibrodos_histonic, layout_rooms, mainiacjoe_overflow_tiny_flanked
Temple:   dshaligram_water_room_temple

Skill      XL: |  1  2  3  4  5  6  7  8  9 10 11 |
---------------+----------------------------------+-----
Axes           | 4 5 6 7 9 11 12 14 | 14.1
Fighting       | 4 5 6 7 8 9 |  9.8
Dodging        | 3 4 5 |  5.5
Armour         | 3 4 5 6 8 |  8.9
Stealth        | 1 2 |  2.0
Shields        | 1 3 4 5 |  5.4
Throwing       | 2 3 |  3.3

Action                     |  1- 3 |  4- 6 |  7- 9 | 10-12 || total
---------------------------+-------+-------+-------+-------++-------
  Melee: Hand axe          |    72 |    89 |   226 |    39 ||   426
         Headbutt          |    10 |    26 |    29 |    26 ||    91
         Punch             |       |     5 |     5 |       ||    10
         War axe           |       |    77 |     6 |       ||    83
         Battleaxe         |       |       |       |    90 ||    90
  Throw: Stone             |       |       |    11 |       ||    11
         Dart              |       |       |     7 |       ||     7
 Invoke: Berserk           |       |       |       |     1 ||     1
 Armour: Animal skin       |    18 |     4 |       |       ||    22
         Chain mail        |       |    82 |   126 |    99 ||   307
  Dodge: Dodged            |    41 |    73 |    84 |    92 ||   290
  Block: Other             |       |       |    37 |    40 ||    77
         Reflection        |       |       |     7 |     2 ||     9
